 Dungeon Crawl Stone Soup version 0.32-a0-918-g0f22ef8d61 (webtiles) character file.

Game seed: 10273951946040368156

283 Fodor the Covered (level 6, -2/79 HPs)
             Began as a Minotaur Fighter on Apr 11, 2024.
             Succumbed to a water moccasin's poison
             ... on level 4 of the Dungeon.
             The game lasted 00:06:33 (2370 turns).

Fodor the Covered (Minotaur Fighter)                Turns: 2370, Time: 00:06:34

Health: -2/79      AC: 23    Str: 22    XL:     6   Next: 7%
Magic:  5/5        EV:  2    Int:  3    God:
Gold:   101        SH:  0    Dex: 10    Spells: 5/5 levels left

rFire   . . .        a - +0 war axe
rCold   . . .        (no shield)
rNeg    . . .        b - melded +0 scale mail
rPois   +            (helmet currently unavailable)
rElec   .            (cloak currently unavailable)
rCorr   .            (gloves currently unavailable)
SInv    .            (boots currently unavailable)
Will    .....        (no amulet)
Stlth   +            (no ring)
HPRegen 0.33/turn    (no ring)
MPRegen 0.09/turn

%: no passive effects
@: lethally poisoned (-2 -> -15), tree-form, attractive
A: stationary, stasis, torment immunity, boosted hp, (horns 2), (retaliatory
headbutt), (cold resistance 1), dopey 1
a: no special abilities


You were on level 4 of the Dungeon.
You were a tree.
You visited 1 branch of the dungeon, and saw 4 of its levels.

You collected 101 gold pieces.

Inventory:

Hand Weapons
 a - a +0 war axe (weapon)
 p - a +2 heavy hand cannon
Armour
 b - a +0 scale mail (melded)
 c - a +0 buckler
Talismans
 k - a storm talisman
Scrolls
 g - 6 scrolls of identify {unknown}
 i - 3 scrolls of teleportation {unknown}
 j - a scroll of butterflies {unknown}
 l - 2 scrolls of revelation {unknown}
 m - a scroll of noise {unknown}
 n - a scroll of amnesia {unknown}
 q - a scroll of enchant weapon {unknown}
 u - a scroll of blinking {unknown}
 v - 3 scrolls of torment {unknown}
Potions
 d - a potion of might
 e - a potion of attraction
 f - a potion of enlightenment {unknown}
 o - a potion of lignification
 r - a potion of curing {unknown}
 s - a potion of brilliance {unknown}
 t - a potion of resistance {unknown}


   Skills:
 + Level 4.4 Fighting
 + Level 4.2 Axes
 + Level 3.3 Ranged Weapons
 + Level 4.9 Armour
 + Level 0.6 Dodging
 + Level 4.3 Shields


You had 5 spell levels left.
You didn't know any spells.
Your spell library contained the following spells:

 Spells                   Type           Power      Damage    Failure   Level
 Slow                     Hex            0%         N/A       52%         1
 Confusing Touch          Hex            0%         N/A       88%         3
 Vampiric Draining        Necr           0%         2d6       88%         3


Dungeon Overview and Level Annotations

Branches:
Dungeon (4/15)
 Temple: D:4-7

Altars:
Elyvilon
Sif Muna
Uskayaw


Innate Abilities, Weirdness & Mutations

You are a tree.
Your roots penetrate the ground, keeping you stationary.
You cannot be teleported.
You are immune to unholy pain and torment.
Your maximum health is greatly increased.
Your equipment is partially melded.
((You have a pair of horns on your head.))
((You reflexively headbutt those who attack you in melee.))
((Your flesh is cold resistant. (rC+)))
You are dopey. (Int -2)


Message History

You slash the giant cockroach!
You kill the giant cockroach!
You slash the water moccasin!
You feel very sick.
The water moccasin bites you but does no damage.
The orc throws a boomerang.
The boomerang hits you but does no damage.
The water moccasin barely misses you.
* * * LOW HITPOINT WARNING * * *
You feel very sick.
The water moccasin bites you but does no damage.
* * * LOW HITPOINT WARNING * * *
You feel very sick. The water moccasin closely misses you.
You furiously retaliate!
You headbutt the water moccasin.
A hobgoblin comes into view.
The water moccasin bites you.
* * * LOW HITPOINT WARNING * * *
You are more poisoned.
The water moccasin poisons you!
It was a potion of lignification.
You turn into a tree.
Your +0 scale mail melds into your body.
Your roots penetrate the ground.
* * * LOW HITPOINT WARNING * * *
You feel very sick.
The hobgoblin shouts!
Reactivating autopickup.
An orc wizard appears from thin air!
The orc wizard hits you but does no damage.
The water moccasin bites you but does no damage.
It was a potion of mutation.
You feel extremely strange.
You feel resistant to cold.
You feel stupid. x2; You feel clever.
* * * LOW HITPOINT WARNING * * *
You feel very sick.
The water moccasin bites you but does no damage.
The orc wizard hits you with a +0 dagger.
* * * LOW HITPOINT WARNING * * *
It was a potion of attraction.
You feel attractive to monsters.
You die...

................#....
............ ......
.##..........#..... .
.........o##..#.$# ..
##.........#..#..# ..#
.......<...##...##...#
..........)oo.o.......
...##.#...o##So....##
. .........#.♣.#..#
.........###.### .#
...........#..#
...........#..#
...o....#......
.....#######.


You could see a water moccasin, an orc wizard and 3 orcs.

Vanquished Creatures
  The ghost of grrhawk the Poker, an amateur CoWr (D:3)
  An orc priest (D:3)
  A hound (D:3)
  2 adders
  3 ribbon worms
  3 dart slugs (D:3)
  10 orcs
  3 bats
  6 endoplasms
  4 giant cockroaches
  3 hobgoblins
  3 jackals (D:3)
  7 quokkas
  A ball python (D:2)
  3 frilled lizards
  4 kobolds
  3 rats
58 creatures vanquished.

Notes
Turn   | Place    | Note
-------+----------+-------------------------------------------
     0 | D:1      | Fodor the Minotaur Fighter began the quest for the Orb.
     0 | D:1      | Reached XP level 1. HP: 19/19 MP: 0/0
   797 | D:2      | Reached XP level 2. HP: 27/27 MP: 1/1
   870 | D:2      | Found a faded altar of an unknown god.
  1065 | D:2      | Reached XP level 3. HP: 21/33 MP: 2/2
  1766 | D:3      | Reached skill level 1 in Ranged Weapons
  1773 | D:3      | Reached XP level 4. HP: 40/40 MP: 3/3
  1980 | D:3      | Found a white marble altar of Elyvilon.
  1980 | D:3      | Found a shimmering blue altar of Sif Muna.
  1980 | D:3      | Found a hide-covered altar of Uskayaw.
  2001 | D:3      | Found a runed translucent door.
  2001 | D:3      | Noticed grrhawk's ghost (amateur CoWr)
  2020 | D:3      | Killed grrhawk's ghost
  2021 | D:3      | Reached XP level 5. HP: 18/47 MP: 4/4
  2023 | D:3      | Reached XP level 6. HP: 5/53 MP: 5/5
  2358 | D:4      | Noticed a water moccasin
  2369 | D:4      | Gained mutation: Your flesh is cold resistant. (rC+)
                  | [potion of mutation]
  2369 | D:4      | Gained mutation: You are dopey. (Int -2) [potion of
                  | mutation]
  2369 | D:4      | Gained mutation: You are very dopey. (Int -4) [potion of
                  | mutation]
  2369 | D:4      | Lost mutation: You are very dopey. (Int -4) [potion of
                  | mutation]
  2369 | D:4      | HP: 1/79 [orc wizard/+0 dagger (3)]
  2370 | D:4      | Succumbed to a water moccasin's poison

Illustrated notes

Levels and vault maps discovered:
D:1:      mrwooster_arrival_statue_2, layout_basic
D:2:      layout_loops_corners, ebering_ecumenical_altar_rust
D:3:      layout_rooms, gammafunk_temple_overflow_claw,
          ebering_ghost_reflecting_pool
D:4:      layout_cave_pools, nicolae_overflow_crystal_walls, minmay_liquid_box

Skill      XL: |  1  2  3  4  5 |
---------------+----------------+-----
Shields        | 4 |  4.3
Armour         | 4 |  4.9
Fighting       | 4 |  4.4
Axes           | 3 4 |  4.2
Ranged Weapons | 1 3 |  3.3
Dodging        | |  0.6

Action                     |  1- 3 |  4- 6 || total
---------------------------+-------+-------++-------
  Melee: War axe           |    67 |    33 ||   100
         Headbutt          |     7 |     5 ||    12
   Fire: Hand cannon       |    19 |    15 ||    34
    Use: Potion            |       |     3 ||     3
 Armour: Scale mail        |    58 |    63 ||   121
         Skin              |       |     4 ||     4
  Dodge: Dodged            |    36 |    43 ||    79
  Block: Buckler           |    17 |       ||    17

Table legend: (Time is in decaauts)
 A = Elapsed time spent in this place.
 B = Non-inter-level travel time spent in this place.
 C = Inter-level travel time spent in this place.
 D = Time resting spent in this place.
 E = Time spent auto-exploring this place.
 F = Levels seen in this place.
 G = Mean time per level.
                   A        B        C        D        E       F      G
               +--------+--------+--------+--------+--------+-----+--------+
         Total |   2468 |   2453 |     15 |    230 |   1633 |   4 |  617.0 |
       Dungeon |   2468 |   2453 |     15 |    230 |   1633 |   4 |  617.0 |
               +--------+--------+--------+--------+--------+-----+--------+

Top non-repeatable levels by time:
     D:2: 945 daAuts
     D:3: 823 daAuts
     D:1: 655 daAuts
     D:4: 43 daAuts
